 Dungeon Crawl Stone Soup version 0.22-a0-830-gd36033f (webtiles) character file.

86 jgonzale2218 the Conjurer (level 4, -3/27 HPs)
             Began as a Faerie Dragon Conjurer on May 23, 2019.
             Killed from afar by taqueso's ghost (7 damage)
             ... with a magic dart
             ... on level 3 of the Dungeon.
             The game lasted 00:07:18 (1871 turns).

jgonzale2218 the Conjurer (Faerie Dragon Conjurer)  Turns: 1871, Time: 00:07:19

Health: -3/27      AC:  9    Str:  7    XL:     4   Next: 49%
Magic:  12/16      EV: 15    Int: 18    God:
Gold:   155        SH:  6    Dex: 13    Spells: 2/8 levels left

rFire    . . .     SeeInvis .   m - +0 hand axe
rCold    . . .     Gourm    .   (shield restricted)
rNeg     . . .     Faith    .   (armour unavailable)
rPois    .         Spirit   .   (helmet restricted)
rElec    .         Reflect  .   f - +0 cloak
rCorr    .         Harm     .   (no gloves)
MR       .....                  c - +0 pair of boots
Stlth    ++........             (no amulet)
HPRegen  0.09/turn              h - +1 ring of protection
MPRegen  0.15/turn              l - ring of magical power

@: flying
A: small, unfitting armour, magic attunement, magical scales, able to fly
a: Stop Flying


You were on level 3 of the Dungeon.
You were not hungry.

You visited 1 branch of the dungeon, and saw 3 of its levels.

You collected 155 gold pieces.

Inventory:

Hand Weapons
 e - a +0 dagger
 m - a +0 hand axe (weapon)
Armour
 c - a +0 pair of boots (worn)
 f - a +0 cloak (worn)
Jewellery
 h - a +1 ring of protection (left hand)
 l - a ring of magical power (right hand)
Scrolls
 a - a scroll of blinking
 d - 2 scrolls of remove curse
 j - a scroll of amnesia
 k - a scroll of fear
 n - a scroll of magic mapping {unknown}
 o - 2 scrolls of immolation {unknown}
Potions
 g - a potion of invisibility
 i - a potion of might {unknown}
Comestibles
 b - 4 rations


   Skills:
 + Level 0.3 Fighting
 + Level 1.5 Short Blades
 + Level 0.3 Axes
 + Level 3.2 Dodging
 + Level 1.2 Stealth
 + Level 0.1 Unarmed Combat
 + Level 2.6 Spellcasting
 + Level 5.2 Conjurations


You had 2 spell levels left.
You knew the following spells:

 Your Spells              Type           Power        Failure   Level  Hunger
a - Magic Dart            Conj           ###.         1%          1    None
b - Searing Ray           Conj           ###...       3%          2    None
c - Conjure Flame         Conj/Fire      ##......     17%         3    None

Your spell library contained the following spells:

 Spells                   Type           Power        Failure   Level  Hunger
 Slow                     Hex            #.......     26%         2    None
 Mephitic Cloud           Conj/Pois/Air  #.......     26%         3    None
 Blink                    Tloc           N/A          26%         2    None
 Call Imp                 Summ           #.......     26%         2    None
 Repel Missiles           Chrm/Air       #.....       26%         2    None
 Iskenderun's Battlesphe  Conj/Chrm      ##......     85%         5    None
 Fulminant Prism          Conj/Hex       ##........   50%         4    None
 Dazzling Spray           Conj/Hex       ##....       17%         3    None
 Force Lance              Conj/Tloc      ##......     50%         4    None


Dungeon Overview and Level Annotations

Branches:
Dungeon (3/15)

Altars:
Ru

Annotations:
D:3 taqueso's ghost, amateur FDCj


Innate Abilities, Weirdness & Mutations

You cannot fit into any form of body armour.
You are small and have problems with some larger weapons.
Your spells do not cause hunger and MP costs are reduced by 1.
Your shimmering scales repel attacks. (AC +6, SH +6)
You can fly continuously.


Message History

Taqueso's spookycrab hits you but does no dacastercrab.
Unknown command.
Casting: Searing Ray (safe; 3% risk of failure)
Confirm with . or Enter, or press ? or * to list all spells.
Aiming: Searing Ray (safe; 3% risk of failure)
Press: ? - help, Shift-Dir - straight line, f/p - taqueso's spookycrab
Aim: taqueso's spookycrab (severely dacastercrabd)
The searing ray hits taqueso's spookycrab.
Taqueso's spookycrab is almost destroyed. (Press . to maintain the ray.)
The barnacle bites you.
* * * CRAB GONE DIE * * *
The barnacle closely misses you.
Taqueso's spookycrab hits you but does no dacastercrab.
You barely miss taqueso's spookycrab.
Taqueso's spookycrab is almost destroyed.
You miss the barnacle. The barnacle closely misses you.
Taqueso's spookycrab points at you and mumbles some strange words.
The magic dart hits you!
Your journey is over little crab

###################
#..............r..####
#.####.####...@W.!....
###.# #.# #.####.####.
....# #.# #.# .. #####
#.# #.# ..# #.# #.# .#
#.# #.. .. #.# #.# .
#.#


You could see taqueso's ghost and a quokka.

Vanquished Creatures
  A gnoll (D:1)
  3 adders
  A worm (D:2)
  2 dart slugs
  7 bats
  3 giant cockroaches
  4 goblins
  5 hobgoblins (D:2)
  8 kobolds
  3 frilled lizards
  9 rats
46 creatures vanquished.

Notes
Turn   | Place    | Note
-------+----------+-------------------------------------------
     0 | D:1      | jgonzale2218 the Faerie Dragon Conjurer began the quest for the Orb.
     0 | D:1      | Reached XP level 1. HP: 11/11 MP: 3/3
   151 | D:1      | Reached skill level 5 in Conjurations
   339 | D:1      | Reached XP level 2. HP: 17/17 MP: 5/5
   705 | D:1      | Reached XP level 3. HP: 21/21 MP: 6/6
   710 | D:1      | Learned a level 2 spell: Searing Ray
   940 | D:2      | Reached skill level 1 in Short Blades
  1168 | D:2      | Learned a level 3 spell: Conjure Flame
  1268 | D:2      | Reached XP level 4. HP: 21/27 MP: 7/7
  1760 | D:3      | Found a sacrificial altar of Ru.
  1852 | D:3      | Noticed taqueso's ghost (amateur FDCj)
  1871 | D:3      | Killed from afar by taqueso's ghost

Vault maps used:
D:1:      dpeg_arrival_prison, grunt_decor_arrowhead
D:3:      cheibrodos_thug_alley, old_standard_altar, nicolae_ru_awakened_eye,
          first_ration, minmay_unequal, uniq_ijyb

Skill      XL: |  1  2  3 |
---------------+----------+-----
Conjurations   | 5 |  5.2
Short Blades   | 1 |  1.5
Dodging        | 3 |  3.2
Fighting       | |  0.3
Axes           | |  0.3
Stealth        | |  1.2
Unarmed Combat | |  0.1
Spellcasting   | |  2.6

Action                   |  1- 3 |  4- 6 || total
-------------------------+-------+-------++-------
Melee: Dagger            |   113 |       ||   113
       Unarmed           |    30 |       ||    30
       Hand axe          |    37 |    37 ||    74
 Cast: Searing Ray       |    24 |    23 ||    47
       Conjure Flame     |     1 |       ||     1
  Use: Scroll            |     3 |     3 ||     6
 Stab: Sleeping          |     1 |       ||     1
  Eat: Ration            |     1 |       ||     1
Armor: Skin              |    63 |    14 ||    77
Dodge: Dodged            |   143 |    38 ||   181
Block: Other             |    71 |    15 ||    86

Table legend:
 A = Spawn XP
 B = Non-spawn XP
 C = Spawn XP percentage of total XP
 D = Spawn monster count
 E = Non-spawn monster count
 F = Spawn count percentage of total count
 G = Total turns spent on level
                    A         B        C        D         E        F      G
               +---------+---------+-------+---------+---------+-------+---------
         Total |       0 |     123 |   0.0 |       0 |      46 |   0.0 |  1871
               +---------+---------+-------+---------+---------+-------+---------
           D:1 |       0 |      43 |   0.0 |       0 |      19 |   0.0 |   863
           D:2 |       0 |      60 |   0.0 |       0 |      22 |   0.0 |   844
           D:3 |       0 |      20 |   0.0 |       0 |       5 |   0.0 |   164
               +---------+---------+-------+---------+---------+-------+---------
